 Dungeon Crawl Stone Soup version 0.31-a0-232-gb1c03b2570 (webtiles) character file.

Game seed: 17941863577560277948

26 qw the Shooter (level 2, -1/24 HPs)
             Began as a Minotaur Hexslinger on July 6, 2023.
             Frozen to death by an endoplasm (5 damage)
             ... on level 2 of the Dungeon.
             The game lasted 00:00:22 (814 turns).

qw the Shooter (Minotaur Hexslinger)                 Turns: 814, Time: 00:00:22

Health: -1/24      AC:  5    Str: 12    XL:     2   Next: 89%
Magic:  2/2        EV: 10    Int: 10    God:
Gold:   65         SH:  0    Dex: 12    Spells: 2/3 levels left

rFire   . . .        Y - +1 sling
rCold   . . .        (no shield)
rNeg    . . .        e - +0 ring mail
rPois   .            (helmet restricted)
rElec   .            (no cloak)
rCorr   .            (no gloves)
SInv    .            (no boots)
Will    .....        (no amulet)
Stlth   +            (no ring)
HPRegen 0.24/turn    (no ring)
MPRegen 0.08/turn

%: no passive effects
@: no status effects
A: horns 2, retaliatory headbutt
a: no special abilities


You were on level 2 of the Dungeon.
You visited 1 branch of the dungeon, and saw 2 of its levels.

You collected 65 gold pieces.


Innate Abilities, Weirdness & Mutations

You have a pair of horns on your head.
You reflexively headbutt those who attack you in melee.


   Skills:
 - Level 2.0 Fighting
 + Level 3.5 Ranged Weapons
 - Level 2.1 Dodging
 - Level 1.0 Spellcasting
 - Level 2.0 Hexes


You had 2 spell levels left.
You knew the following spells:

 Your Spells              Type           Power      Damage    Failure   Level
a - Slow                  Hex            16%        N/A       34%         1

Your spell library contained the following spells:

 Spells                   Type           Power      Damage    Failure   Level
 Inner Flame              Hex/Fire       2%         N/A       83%         3
 Portal Projectile        Hex/Tloc       4%         N/A       83%         3
 Cause Fear               Hex            2%         N/A       98%         4

Inventory:

Hand Weapons
 Y - a +1 sling (weapon)
Armour
 e - a +0 ring mail (worn)
Scrolls
 a - a scroll of blinking {unknown}
Potions
 b - a potion of curing {unknown}
 f - a potion of haste {unknown}
 g - a potion of heal wounds {unknown}

Dungeon Overview and Level Annotations

Branches:
Dungeon (2/15)

Altars:


Message History

An orc comes into view. It is wielding a +0 short sword.
You feel less confused. Something hits you.
An orc priest comes into view. It is wielding a +0 dagger.
You shoot a sling bullet. The orc priest shouts!
You hear a shout!
You hear some strange, mumbled words.
You are confused.
An orc priest comes into view. It is wielding a +0 club.
You hear some strange, mumbled words.
Something tries to affect you, but you resist.
Something hits you but does no damage. The endoplasm barely misses you.
You hear some strange, mumbled words.
A magic dart appears from out of thin air!
The magic dart hits you!
An orc priest comes into view. It is wielding a +0 short sword.
The endoplasm freezes you.
You are frozen.
The orc hits you with a +0 short sword.
The orc priest shouts!
The endoplasm hits you but does no damage.
You hear some strange, mumbled words.
Something tries to affect you, but you resist.
The orc barely misses you. Something hits you. The endoplasm freezes you.
You are frozen.
The orc barely misses you.
You feel less confused. Something hits you but does no damage.
The endoplasm hits you but does no damage.
The orc hits you but does no damage.
You shoot a sling bullet. The sling bullet hits the endoplasm.
The endoplasm is moderately wounded.
Something hits you.
The endoplasm hits you but does no damage.
The orc hits you but does no damage.
You shoot a sling bullet. The sling bullet hits the endoplasm.
The endoplasm is heavily wounded.
The endoplasm freezes you.
You are frozen.
You die...

........+ ..#.....#
####..........
..#.....#.........#.....
..#...............#.....
..#..#...... ...........
.....#...... #.....o..#
.....#....####........#
.....#.........oo{....##
..####.....#####@Jo.....
.#.........#...#.......#
+#.....................#
.......................#
........................
.......................#
.#..>.......<###........
.....#####.....#####...#
##.............# ####


You could see 3 orc priests, an orc and an endoplasm.

Vanquished Creatures
  5 ball pythons
  2 endoplasms (D:1)
  2 hobgoblins (D:1)
  2 quokkas (D:2)
  6 bats
  3 goblins
  4 rats
24 creatures vanquished.

Notes
Turn   | Place    | Note
-------+----------+-------------------------------------------
     0 | D:1      | qw the Minotaur Hexslinger began the quest for the Orb.
     0 | D:1      | Reached XP level 1. HP: 16/16 MP: 1/1
     0 | D:1      | 0 ||| qw: Version: 0.3-a-46-gb1f654a
     0 | D:1      | 0 ||| qw: Game counter: 2143
     0 | D:1      | 0 ||| qw: Melee chars always use a shield: true
     0 | D:1      | 0 ||| qw: God list: Okawaru
     0 | D:1      | 0 ||| qw: Allow faded altars: false
     0 | D:1      | 0 ||| qw: Do Orc after clearing Dungeon:15 true
     0 | D:1      | 0 ||| qw: Do second Lair branch before Depths: true
     0 | D:1      | 0 ||| qw: Lair rune preference: random
     0 | D:1      | 0 ||| qw: Goals: Normal
     0 | D:1      | 0 ||| PLANNING D:1-11
    50 | D:1      | Reached skill level 3 in Ranged Weapons
    58 | D:1      | Reached XP level 2. HP: 23/23 MP: 2/2
    70 | D:1      | Found a faded altar of an unknown god.
   577 | D:1      | 577 ||| UPGRADING to +0 leather armour.
   587 | D:1      | 587 ||| DROPPING +0 robe.
   588 | D:1      | 588 ||| UPGRADING to +0 ring mail.
   598 | D:1      | 598 ||| DROPPING +0 leather armour.
   599 | D:1      | 599 ||| READING scroll labelled NUHAL JIRROEM.
   600 | D:1      | 600 ||| DROPPING scroll of poison.
   811 | D:2      | HP: 6/24 [frozen (1)]
   814 | D:2      | Frozen to death by an endoplasm

Levels and vault maps discovered:
D:1:      psy_arrival_whirlpool, layout_basic,
          hellmonk_ecumenical_altar_heavens_door, columned_hall_lemuel
D:2:      layout_basic, basic_altar

Skill      XL: |  1  2 |
---------------+-------+-----
Ranged Weapons | 3 |  3.5
Fighting       | 2 |  2.0
Dodging        | |  2.1
Spellcasting   | |  1.0
Hexes          | |  2.0

Action                     || total
---------------------------++-------
   Fire: Sling             ||    73
    Use: Scroll            ||     1
 Armour: Ring mail         ||     8
         Robe              ||     4
  Dodge: Dodged            ||    32

Table legend:
 A = Non-vault XP
 B = Vault XP
 C = Vault XP percentage of total XP
 D = Non-vault monster count
 E = Vault monster count
 F = Vault count percentage of total count
                 A         B        C        D         E       F
            +---------+---------+-------+---------+---------+-------
      Total |      38 |       0 |   0.0 |      24 |       0 |   0.0
            +---------+---------+-------+---------+---------+-------
        D:1 |      25 |       0 |   0.0 |      16 |       0 |   0.0
        D:2 |      13 |       0 |   0.0 |       8 |       0 |   0.0
            +---------+---------+-------+---------+---------+-------
